General information
- name: BNet
- type: Ladder 1vs1/FFA
- host: Battle.net
- saver: Nasty_Butler
map: SecretValley
- players: 2
- length: 29:03
- speed: Fast
- version: 1.24 W3XP
- replay type: Public
» download(104 KB)
Players
team 1 (winner)
Nasty_Butler (
purple | 69 APM | 1997 actions | 29:03)
3 Mountain King
2 Storm Bolt
1 Bash
1 Archmage
1 Brilliance Aura
1 Blood Mage
1 Banish
» actions
| Assign group hotkey | 59 | |
| Basic commands | 186 | |
| Build / train | 126 | |
| ESC pressed | 5 | |
| Enter build submenu | 65 | |
| Enter hero's abilities submenu | 5 | |
| Right click | 695 | |
| Select / deselect | 460 | |
| Select group hotkey | 239 | |
| Use ability | 157 | |
1997 total
» units
| Peasant | 36 | |
| Footman | 15 | |
| Gryphon Rider | 7 | |
| Sorceress | 2 | |
| Dragonhawk Rider | 4 | |
64 total
» upgrades
| Defend | 1 | |
| Masonry | 3 | |
| Lumber Harvesting | 2 | |
| Magic Sentry | 1 | |
| Sorceress Training | 1 | |
| Armor | 1 | |
| Swords | 1 | |
| Cloud | 1 | |
| Storm Hammers | 1 | |
12 total
» buildings
| Barracks | 1 | |
| Altar of Kings | 1 | |
| Farm | 14 | |
| Scout Tower | 29 | |
| Arcane Tower | 5 | |
| Town Hall | 1 | |
| Arcane Vault | 2 | |
| Keep | 1 | |
| Lumber Mill | 1 | |
| Guard Tower | 15 | |
| Castle | 1 | |
| Arcane Sanctum | 2 | |
| Gryphon Aviary | 3 | |
| Blacksmith | 1 | |
77 total
» build order
00:09 Barracks
00:17 Altar of Kings
00:30 Farm
00:56 Farm
01:33 Farm
01:54 Scout Tower
02:28 Arcane Tower
02:37 Farm
04:41 Farm
04:54 Town Hall
04:56 Scout Tower
05:06 Scout Tower
05:06 Scout Tower
05:57 Arcane Tower
06:00 Arcane Vault
07:09 Arcane Vault
07:21 Scout Tower
07:21 Scout Tower
07:22 Scout Tower
07:23 Scout Tower
07:36 Keep
08:02 Lumber Mill
09:55 Scout Tower
09:56 Scout Tower
09:57 Scout Tower
10:11 Scout Tower
10:12 Scout Tower
10:13 Scout Tower
10:22 Scout Tower
10:23 Scout Tower
10:32 Guard Tower
10:34 Arcane Tower
10:37 Guard Tower
10:41 Scout Tower
10:42 Scout Tower
10:56 Guard Tower
11:07 Arcane Tower
11:10 Scout Tower
11:11 Scout Tower
11:12 Guard Tower
12:33 Guard Tower
12:37 Guard Tower
12:42 Castle
12:44 Guard Tower
13:07 Scout Tower
13:08 Scout Tower
13:08 Scout Tower
13:14 Guard Tower
13:38 Guard Tower
13:56 Scout Tower
14:04 Arcane Sanctum
14:07 Guard Tower
14:11 Guard Tower
14:23 Scout Tower
14:24 Scout Tower
14:25 Scout Tower
14:25 Scout Tower
15:00 Arcane Sanctum
15:04 Gryphon Aviary
15:04 Gryphon Aviary
15:27 Guard Tower
15:39 Guard Tower
16:02 Gryphon Aviary
16:05 Guard Tower
16:48 Farm
16:49 Farm
16:50 Farm
16:51 Farm
19:21 Farm
19:22 Farm
19:49 Blacksmith
21:47 Farm
21:49 Farm
21:52 Farm
28:11 Scout Tower
28:38 Arcane Tower
» items
| Dust of Appearance | 1 | |
| Scroll of Regeneration | 4 | |
| Lesser Clarity Potion | 4 | |
| Mechanical Critter | 2 | |
| Potion of Healing | 4 | |
| Potion of Mana | 1 | |
| Scroll of Town Portal | 1 | |
| Staff of Sanctuary | 1 | |
18 total
team 2 (loser)
tctk_clutch (
yellow | 106 APM | 3067 actions | 28:57)
5 Blademaster
2 Wind Walk
3 Critical Strike
5 Pandaren Brewmaster
3 Breath of Fire
2 Drunken Haze
» actions
| Assign group hotkey | 40 | |
| Basic commands | 170 | |
| Build / train | 99 | |
| Enter build submenu | 23 | |
| Enter hero's abilities submenu | 10 | |
| Give item / drop item | 8 | |
| Right click | 1327 | |
| Select / deselect | 376 | |
| Select group hotkey | 765 | |
| Use ability | 249 | |
3067 total
» units
| Peon | 10 | |
| Grunt | 7 | |
| Raider | 7 | |
| Spirit Walker | 4 | |
| Kodo Beast | 1 | |
| Demolisher | 3 | |
| Troll Batrider | 3 | |
35 total
» upgrades
| Ensnare | 1 | |
| Pillage | 1 | |
| Spirit Walker Training | 2 | |
| Berserker Strength | 1 | |
| Ranged Weapons | 1 | |
6 total
» buildings
| Altar of Storms | 1 | |
| Orc Burrow | 8 | |
| Barracks | 1 | |
| Voodoo Lounge | 1 | |
| Stronghold | 2 | |
| War Mill | 1 | |
| Beastiary | 1 | |
| Spirit Lodge | 1 | |
| Fortress | 2 | |
| Watch Tower | 4 | |
22 total
» build order
00:08 Altar of Storms
00:20 Orc Burrow
00:36 Barracks
01:50 Orc Burrow
02:21 Voodoo Lounge
03:26 Stronghold
04:03 Orc Burrow
04:22 Orc Burrow
04:53 War Mill
05:21 Orc Burrow
05:55 Beastiary
05:58 Spirit Lodge
10:10 Orc Burrow
14:10 Fortress
14:11 Fortress
14:41 Watch Tower
14:44 Watch Tower
18:38 Watch Tower
22:14 Watch Tower
24:42 Orc Burrow
24:44 Orc Burrow
» items
| Healing Salve | 9 | |
| Lesser Clarity Potion | 7 | |
| Scroll of Speed | 4 | |
| Potion of Healing | 2 | |
| Scroll of Healing | 2 | |
| Potion of Lesser Invulnerability | 3 | |
| Staff of Teleportation | 1 | |
| Orb of Lightning | 1 | |
| Tiny Great Hall | 1 | |
| Scroll of Town Portal | 1 | |
31 total
Chat log
(00:24 / All) tctk_clutch: gl hf
(00:31 / All) Nasty_Butler: glhf
(00:49 / All) Nasty_Butler: by wishing me good luck, you forfeit all claims along the lines of "lucker" etc
(01:17 / All) Nasty_Butler: guess that goes for me too intrinsically :\
(01:25 / All) tctk_clutch: huh?
(01:38 / All) Nasty_Butler: dont worry about it :)
(01:43 / All) tctk_clutch: ;D
(03:16 / All) Nasty_Butler: grr
(03:24 / All) Nasty_Butler: i hate lordaeron
(03:34 / All) tctk_clutch: HUMAN IS IMBA AGAISNT ORC. EVERY HUMAN I KNOW AGREES
(03:39 / All) Nasty_Butler: easy on the caps chief
(03:44 / All) Nasty_Butler: its only a game
(03:53 / All) tctk_clutch: chill
(04:00 / All) Nasty_Butler: i was telling you to do that :)
(04:13 / All) tctk_clutch: oh i am i was just saying. caps were on by accident lo;l
(06:58 / All) Nasty_Butler: :D
(14:48 / All) Nasty_Butler: you know youd get more exp creeping
(18:42 / All) Nasty_Butler: bats with no expo?
(18:47 / All) Nasty_Butler: watch ur peon
(25:22 / All) Nasty_Butler: bah bad timing
(28:07 / All) Nasty_Butler: base race games are fun :)
(28:35 / All) Nasty_Butler: now did you remember to hide a great hall
(28:38 / All) tctk_clutch: gg human is imba
(28:45 / All) Nasty_Butler: gg orcs cry